 Dungeon Crawl Stone Soup version 0.15.0-12-gccce430 (webtiles) character file.

22333 Kejsarherre the Bludgeoner (level 12, -1/139 HPs)
             Began as an Ogre Hunter on Sept 1, 2014.
             Was a High Priest of Okawaru.
             Slain by an orc warrior
             ... wielding a +0 scimitar
              (14 damage)
             ... on Level 4 of the Orcish Mines.
             The game lasted 00:55:27 (15437 turns).

Kejsarherre the Bludgeoner (Ogre Hunter)           Turns: 15437, Time: 00:55:27

HP  -1/139       AC  8     Str 24      XL: 12   Next: 99%
MP  12/12        EV 10     Int 10      God: Okawaru [*****.]
Gold 1394        SH  0     Dex 10      Spells:  0 memorised, 11 levels left

rFire  + + .     SeeInvis .     s - +0 giant spiked club
rCold  . . .     Clarity  .     S - +3 robe of Clouds {+Fly rElec}
rNeg   . . .     rCorr    .     (shield restricted)
rPois  .         rRot     .     (helmet restricted)
rElec  +         Spirit   .     L - +1 cloak {MR+}
SustAb .         Warding  .     (gloves unavailable)
rMut   +         Stasis   .     (boots unavailable)
Gourm  .                        i - amulet of resist mutation
MR     ++...                    U - +1 ring of slaying
                                w - ring of protection from fire

@: very resistant to hostile enchantments, very unstealthy
A: unfitting armour, horns 1, fire resistance 1, slow healing 1, tough skin 1
a: Heroism, Finesse, Renounce Religion, Evoke Flight


You were on level 4 of the Orcish Mines.
You worshipped Okawaru.
Okawaru was extremely pleased with you.
You were hungry.

You visited 3 branches of the dungeon, and saw 16 of its levels.
You visited 1 bazaar.
You also visited: Ossuary.

You collected 1782 gold pieces.
You spent 388 gold pieces at shops.

Inventory:

Hand weapons
 s - a +0 giant spiked club (weapon)
Missiles
 c - 8 large rocks
 n - 3 tomahawks of returning
 t - 11 poisoned needles
Armour
 L - a +1 cloak of magic resistance (worn)
 S - the +3 robe of Clouds (worn) {+Fly rElec}
   (You found it on level 8 of the Dungeon)

   It insulates you from electricity.
   It lets you fly.
Magical devices
 r - a wand of invisibility (4)
 B - a wand of fire (0)
 G - a wand of digging (10)
 R - a wand of disintegration (6)
 X - a wand of digging (23)
Comestibles
 b - 5 bread rations
 f - 4 meat rations
 k - 2 fruits
 v - 3 beef jerkies
Scrolls
 a - 3 scrolls of remove curse
 g - 3 scrolls of blinking
 j - a scroll of recharging
 l - 4 scrolls of fog
 m - 2 scrolls of teleportation (quivered)
 y - a scroll of fear
 A - a scroll of enchant armour
 H - 2 scrolls of amnesia
Jewellery
 d - an uncursed amulet of stasis
 i - an amulet of resist mutation (around neck)
 w - a ring of protection from fire (left hand)
 U - a +1 ring of slaying (right hand)
 V - an uncursed ring of see invisible
Potions
 e - 4 potions of brilliance
 h - a potion of cancellation
 o - a potion of haste
 q - 4 potions of agility
 x - a potion of cure mutation
 C - a potion of berserk rage
 D - a potion of flight
 F - a potion of curing
 I - 2 potions of restore abilities
 K - a potion of porridge
 M - a potion of lignification
 N - 2 potions of might
Books
 p - a book of Beasts

   Spells                             Type                      Level
   Summon Butterflies                 Summoning                    1
   Call Canine Familiar               Summoning                    3
   Summon Ice Beast                   Ice/Summoning                4
   Summon Mana Viper                  Hexes/Summoning              5
   Monstrous Menagerie                Summoning                    6
   Summon Hydra                       Summoning                    7
 E - a book of Control

   Spells                             Type                      Level
   Control Teleport                   Charms/Translocation         4
   Control Undead                     Necromancy                   4
   Enslavement                        Hexes                        4
   Metabolic Englaciation             Hexes/Ice                    5
   Mass Confusion                     Hexes                        6
 P - a book of the Earth

   Spells                             Type                      Level
   Leda's Liquefaction                Hexes/Earth                  4
   Bolt of Magma                      Conjuration/Fire/Earth       5
   Statue Form                        Transmutation/Earth          6
   Iron Shot                          Conjuration/Earth            6
   Shatter                            Earth                        9
 W - a book of the Dragon

   Spells                             Type                      Level
   Flight                             Charms/Air                   3
   Cause Fear                         Hexes                        4
   Bolt of Fire                       Conjuration/Fire             6
   Dragon Form                        Transmutation                7
   Dragon's Call                      Summoning                    9


   Skills:
 + Level 14.1 Fighting
 + Level 18.3 Maces & Flails
 * Level 11.6 Throwing
 - Level 1.7 Dodging
 - Level 0.7 Stealth


You had 11 spell levels left.
You didn't know any spells.

Dungeon Overview and Level Annotations

Branches:
Dungeon (11/15)            Temple (1/1) D:4             Orc (4/4) D:10
    Elf (0/3) Orc:4          Lair (0/8) D:11

Altars:
Ashenzari
Cheibriados
Dithmenos
Elyvilon
Fedhas
Kikubaaqudgha
Makhleb
Nemelex Xobeh
Okawaru
Qazlal
Trog
Vehumet
Yredelemnul
Zin
The Shining One
Beogh

Shops:
D:8 =   Orc:4 (([


Innate Abilities, Weirdness & Mutations

You are too large for most types of armour.
You have tough skin (AC +1).
You have a pair of small horns on your head.
Your flesh is heat resistant.
You heal slowly when monsters are visible.


Message History

The orc warrior closely misses you.
You closely miss the orc warrior.
The orc warrior is almost dead.
The orc warrior closely misses you.
The orc throws a tomahawk.
The tomahawk barely misses you.
You barely miss the orc warrior.
The orc warrior is almost dead.
The orc warrior hits you with a scimitar!!
* * * LOW HITPOINT WARNING * * *
The orc throws a tomahawk.
The tomahawk hits you but does no damage.
Drink which item? (? for menu, Esc to quit)
Okay, then.
You hit the orc warrior but do no damage.
You headbutt the orc warrior, but do no damage.
The orc warrior is almost dead.
You closely miss the orc warrior. Your headbutt misses the orc warrior.
The orc warrior is almost dead.
The orc warrior hits you with a scimitar!
You die... ................ ... #######.###.###.# ##### #.. #∩o. #.# #.# #o# ._..# #(. #oo. #.###.###.# ....# . #)) #ooo

#.........# .... ..# #§§ #..§
#.###.###.###'###..# #.)
###o###.# #.# #..§.......##+###.(
..§.[(..# #§# #§.8...8.....o...§.
###o##..###≈###.@o§......##'###.§
#.o. #.[[)([[(§[()?......# #..
#..o #.)#######§###?###..# #..
#∩o. #..# #.# #.# #..# #..
######(.#######.###.###..######[)
..[...§.......................[).
....(..........................).
........§##.###########.......#..
..(......#...# ### #........$§


You could see an orc warrior and an orc.

Vanquished Creatures
  Snorg (Orc:1)
  The ghost of inmateoo the Cleaver, an experienced HOGl of Beogh (D:8)
  Nergalle (Orc:4)
  9 orc knights
  A hill giant (D:10)
  Pikel (D:8)
  A cyclops (D:11)
  4 orc sorcerers
  Psyche (D:8)
  A two-headed ogre (D:11)
  4 trolls
  Prince Ribbit (Orc:1)
  A spectral orc (Orc:4)
  A wraith (D:10)
  8 yaks
  A deep elf mage (D:11)
  Eustachio (D:10)
  2 wyverns
  Grum (Orc:1)
  3 wolves (D:10)
  The ghost of hackum the Ducker, an average OpFi (D:3)
  8 wargs
  A soldier ant (D:11)
  Edmund (Orc:1)
  A water moccasin (D:11)
  28 orc warriors
  A black bear (D:8)
  3 slaves (D:7)
  2 phantoms
  2 sky beasts
  4 ogres
  3 centaurs
  Sigmund (D:7)
  An elf zombie (Ossuary)
  5 giant frogs
  3 scorpions
  An eye of draining (D:10)
  9 wights (D:11)
  6 crimson imps
  13 killer bees
  A goliath beetle (D:8)
  2 giant frog zombies
  4 hounds
  2 jellies
  4 centaur zombies (Ossuary)
  A quasit (D:7)
  16 orc priests
  25 orc wizards
  5 iguanas
  A kobold skeleton (D:10)
  A two-headed ogre skeleton (D:10)
  4 worker ants
  2 ogre zombies
  A crocodile zombie (D:8)
  2 hound zombies
  A hound skeleton (D:9)
  A worker ant zombie (D:7)
  5 mummies (Ossuary)
  5 adders
  9 gnolls
  3 shadow imps
  An inept feature mimic (Orc:1)
  2 worms
  6 giant geckos
  2 oozes
  202 orcs
  4 ball pythons
  6 bats
  A giant cockroach (D:3)
  31 goblins
  16 hobgoblins
  6 jackals
  A quokka (D:11)
  11 giant newts
  A goblin skeleton (D:4)
  3 goblin zombies
  A hobgoblin skeleton (D:6)
  26 kobolds
  4 kobold zombies (Ossuary)
  An orc zombie (Orc:2)
  2 quokka skeletons
  A quokka zombie (Ossuary)
  4 rats
  A rat skeleton (D:5)
  2 rat zombies (Ossuary)
568 creatures vanquished.

Vanquished Creatures (others)
  A crimson imp (D:8)
  2 orc wizards (D:8)
  3 jackals (D:8)
  A kobold (D:8)
  A quokka (D:8)
8 creatures vanquished.

Grand Total: 576 creatures vanquished

Notes
Turn   | Place    | Note
--------------------------------------------------------------
     0 | D:1      | Kejsarherre, the Ogre Hunter, began the quest for the Orb.
     0 | D:1      | Reached XP level 1. HP: 22/22 MP: 1/1
   105 | D:1      | Reached XP level 2. HP: 24/31 MP: 2/2
   675 | D:1      | Reached XP level 3. HP: 25/37 MP: 3/3
   762 | D:2      | Found a snail-covered altar of Cheibriados.
  1170 | D:2      | Reached XP level 4. HP: 23/48 MP: 4/4
  1702 | D:3      | Found a white marble altar of Elyvilon.
  1763 | D:3      | Reached skill level 5 in Maces & Flails
  1763 | D:3      | Reached XP level 5. HP: 40/54 MP: 5/5
  2158 | D:3      | Noticed hackum's ghost (average OpFi)
  2163 | D:3      | Killed hackum's ghost
  2163 | D:3      | Reached skill level 7 in Maces & Flails
  2163 | D:3      | Reached XP level 6. HP: 60/62 MP: 6/6
  2329 | D:4      | Found a glowing silver altar of Zin.
  2351 | D:4      | Reached skill level 8 in Maces & Flails
  2436 | D:4      | Reached skill level 9 in Maces & Flails
  2436 | D:4      | Reached XP level 7. HP: 50/70 MP: 7/7
  2867 | D:4      | Found a staircase to the Ecumenical Temple.
  3225 | Temple   | Entered the Ecumenical Temple
  3365 | Temple   | Became a worshipper of Warmaster Okawaru
  3444 | D:5      | Entered Level 5 of the Dungeon
  3604 | D:5      | Reached skill level 10 in Maces & Flails
  3972 | D:5      | Found a sparkling altar of Nemelex Xobeh.
  3972 | D:5      | Noticed a green ugly thing
  4184 | D:6      | Found an iron altar of Okawaru.
  4336 | D:6      | Reached XP level 8. HP: 58/79 MP: 8/8
  4463 | D:6      | Found a sand-covered staircase.
  4494 | Ossuary  | Entered an ossuary
  4561 | Ossuary  | Reached skill level 5 in Fighting
  4587 | Ossuary  | Acquired Okawaru's first power
  4587 | Ossuary  | Reached skill level 11 in Maces & Flails
  4623 | Ossuary  | Reached skill level 5 in Throwing
  5451 | D:7      | Noticed Sigmund
  5464 | D:7      | Killed Sigmund
  5517 | D:7      | Reached skill level 12 in Maces & Flails
  5810 | D:8      | Reached XP level 9. HP: 84/89 MP: 9/9
  5850 | D:8      | Noticed Pikel
  6424 | D:8      | Killed Pikel
  6583 | D:8      | Found Uvioqer's Jewellery Boutique.
  6587 | D:8      | Noticed Psyche
  6595 | D:8      | Killed Psyche
  6610 | D:8      | Bought a +1 ring of slaying for 84 gold pieces
  6610 | D:8      | Bought an uncursed ring of see invisible for 210 gold pieces
  6687 | D:8      | Reached skill level 13 in Maces & Flails
  6715 | D:8      | Noticed inmateoo's ghost (experienced HOGl)
  7179 | D:7      | Received a gift from Okawaru
  7517 | D:8      | Killed inmateoo's ghost
  7517 | D:8      | Reached XP level 10. HP: 16/107 MP: 10/10
  8324 | D:9      | Found a radiant altar of Vehumet.
  8655 | D:9      | Found a stormy altar of Qazlal.
  8669 | D:9      | Reached skill level 14 in Maces & Flails
  9088 | D:9      | Reached skill level 10 in Fighting
  9126 | D:10     | Entered Level 10 of the Dungeon
  9163 | D:10     | Gained mutation: Your flesh is heat resistant. [potion of mutation]
  9163 | D:10     | Gained mutation: You heal slowly when monsters are visible. [potion of mutation]
  9163 | D:10     | Gained mutation: You have a pair of small horns on your head. [potion of mutation]
  9232 | D:10     | Noticed Eustachio
  9238 | D:10     | Killed Eustachio
  9349 | D:10     | Found a staircase to the Orcish Mines.
  9365 | D:10     | Received a gift from Okawaru
  9546 | D:10     | Noticed a hill giant
  9549 | D:10     | Killed a hill giant
  9549 | D:10     | Acquired Okawaru's second power
  9584 | D:10     | Reached skill level 15 in Maces & Flails
  9977 | D:11     | Reached XP level 11. HP: 103/120 MP: 11/11
 10113 | D:11     | Found a staircase to the Lair.
 10148 | D:10     | Received a gift from Okawaru
 10400 | D:11     | Found a flickering gateway to a bazaar.
 10408 | Bazaar   | Entered a bazaar
 10422 | Bazaar   | Found Qeiz's Gadget Shoppe.
 10422 | Bazaar   | Found Uwaarr's Magic Scroll Emporium.
 10445 | Bazaar   | Found Afuophip's Antique Armour Emporium.
 10473 | Bazaar   | Found Xaivvana's Antique Weapon Shoppe.
 10473 | Bazaar   | Found Claugg's Antique Armour Emporium.
 10485 | Bazaar   | Bought a glowing cloak for 94 gold pieces
 10971 | D:11     | Received a gift from Okawaru
 11023 | D:11     | Noticed a cyclops
 11028 | D:11     | Killed a cyclops
 11028 | D:11     | Reached skill level 16 in Maces & Flails
 11420 | Orc:1    | Entered Level 1 of the Orcish Mines
 11420 | Orc:1    | Noticed Grum
 11454 | Orc:1    | Killed Grum
 11594 | Orc:1    | Noticed Prince Ribbit
 11599 | Orc:1    | Killed Prince Ribbit
 11700 | Orc:2    | Noticed an orc knight
 11792 | Orc:1    | Received a gift from Okawaru
 11825 | Orc:1    | Noticed Snorg
 11833 | Orc:1    | Killed Snorg
 11847 | Orc:1    | Received a gift from Okawaru
 11862 | Orc:1    | Found a flagged portal.
 11883 | Orc:1    | the flagged portal was a mimic.
 12144 | Orc:1    | Reached skill level 10 in Throwing
 12309 | Orc:1    | Noticed Edmund
 12313 | Orc:1    | Killed Edmund
 12734 | Orc:2    | Killed an orc knight
 12734 | Orc:2    | Reached XP level 12. HP: 133/133 MP: 5/12
 12858 | Orc:2    | Found a burning altar of Makhleb.
 12877 | Orc:2    | Received a gift from Okawaru
 13429 | Orc:3    | Reached skill level 17 in Maces & Flails
 13816 | Orc:4    | Entered Level 4 of the Orcish Mines
 13880 | Orc:4    | Found a staircase to the Elven Halls.
 13923 | Orc:4    | Received a gift from Okawaru
 14175 | Orc:4    | Received a gift from Okawaru
 14251 | Orc:4    | Found a roughly hewn altar of Beogh.
 14384 | Orc:4    | Noticed Nergalle
 14397 | Orc:4    | Killed Nergalle
 14859 | Orc:4    | Reached skill level 18 in Maces & Flails
 14998 | Orc:4    | Found Kuhaddoq's Antique Weapon Boutique.
 14998 | Orc:4    | Found Shreokki's Weapon Shoppe.
 15270 | Orc:4    | Found Xooriw's Antique Armour Shoppe.
 15437 | Orc:4    | Slain by an orc warrior

Action                   |  1- 3 |  4- 6 |  7- 9 | 10-12 || total
-------------------------+-------+-------+-------+-------++-------
Melee: Club              |   138 |     4 |       |       ||   142
       Flail             |       |    92 |   328 |       ||   420
       Giant club        |       |       |   105 |    40 ||   145
       Giant spiked club |       |       |       |   616 ||   616
Throw: Large rock        |    17 |    20 |    28 |   168 ||   233
       Throwing net      |       |     3 |     3 |     1 ||     7
       Javelin           |       |     3 |    20 |    10 ||    33
       Tomahawk          |       |       |       |    37 ||    37
Invok: Heroism           |       |       |     1 |     6 ||     7
       Finesse           |       |       |       |     2 ||     2
Evoke: Wand              |       |       |       |     8 ||     8
  Use: Scroll            |       |     4 |     7 |    19 ||    30
       Potion            |       |       |     6 |     7 ||    13
 Stab: Sleeping          |     1 |       |     2 |       ||     3
       Held in net/web   |       |     2 |     1 |       ||     3
       Invisible         |       |       |     3 |       ||     3
  Eat: Chunk             |     1 |     4 |    13 |    21 ||    39
       Fruit             |       |       |     1 |     3 ||     4
       Bread ration      |       |       |     1 |       ||     1
       Pizza             |       |       |       |     1 ||     1
